 Dungeon Crawl Stone Soup version 0.30-a0-168-g0b976cbdc4 (webtiles) character file.

Game seed: 3443536995707355022

21063 qw the Cleaver (level 12, -21/80 HPs)
             Began as a Gargoyle Fighter on Sept 29, 2022.
             Killed from afar by an oklob plant (24 damage)
             ... with a splash of acid
             ... on level 3 of the Lair of Beasts.
             The game lasted 00:06:18 (14870 turns).

qw the Cleaver (Gargoyle Fighter)                  Turns: 14870, Time: 00:06:18

Health: -21/80     AC: 27    Str: 26    XL:     12   Next: 86%
Magic:  12/12      EV:  8    Int:  8    God:
Gold:   719        SH:  5    Dex:  9    Spells: 11/11 levels left

rFire   + . .      SeeInvis .    i - +2 broad axe (vamp)
rCold   . . .      Faith    .    c - +0 buckler
rNeg    + . .      Spirit   .    v - +0 plate armour
rPois   inf        Reflect  .    q - +2 helmet
rElec   +          Harm     .    j - +0 cloak
rCorr   .          Rampage  .    f - +0 pair of gloves
Will    .....                    s - +0 pair of boots
Stlth   ..........               (no amulet)
HPRegen 0.23/turn                r - +4 ring of slaying {mikee}
MPRegen 0.13/turn                h - ring of protection from fire

@: about to teleport, corroded
A: sickness immunity, AC +8, negative energy resistance 1, electricity
resistance, torment resistance 1, petrification resistance
a: no special abilities


You were on level 3 of the Lair of Beasts.
You visited 2 branches of the dungeon, and saw 14 of its levels.

You collected 1189 gold pieces.
You spent 470 gold pieces at shops.


Innate Abilities, Weirdness & Mutations

You are immune to sickness and miasma.
Your stone body is resilient. (AC +8)
You are immune to poison.
You resist negative energy. (rN+)
You are resistant to electric shocks. (rElec)
You are resistant to unholy torment.
You are immune to petrification.


   Skills:
 - Level 11.2 Fighting
 + Level 14.0 Axes
 - Level 4.1 Throwing
 - Level 11.0 Armour
 - Level 2.3 Dodging
 - Level 7.0 Shields


You had 11 spell levels left.
You didn't know any spells.
Your spell library was empty.

Inventory:

Hand Weapons
 i - a +2 vampiric broad axe (weapon)
 x - a +3 war axe of flaming
Missiles
 t - 16 boomerangs
 u - 3 javelins (quivered)
Armour
 c - a +0 buckler (worn)
 f - a +0 pair of gloves (worn)
 j - a +0 cloak (worn)
 q - a +2 helmet (worn)
 s - a +0 pair of boots (worn)
 v - a +0 plate armour (worn)
 C - +0 acid dragon scales
Jewellery
 g - a ring of fire
 h - a ring of protection from fire (right hand)
 n - a ring of ice
 p - a ring of ice
 r - a +4 ring of slaying (left hand) {mikee}
 w - a ring of resist corrosion
 y - an amulet of faith
 z - a ring of positive energy
 B - a ring of resist corrosion
Scrolls
 l - 2 scrolls of identify
Potions
 a - 4 potions of mutation
 b - a potion of lignification
 d - 5 potions of might
 e - 4 potions of heal wounds
 k - 2 potions of attraction
 m - a potion of resistance
 o - 3 potions of curing
 A - 2 potions of invisibility {unknown}
 E - a potion of haste

Dungeon Overview and Level Annotations

Branches:
Dungeon (11/15)            Temple (0/1) D:6            Lair (3/5) D:10
  Swamp (0/4) Lair:3       Spider (0/4) Lair:2          Orc (0/2) D:9

Altars:
Ashenzari
Cheibriados
Elyvilon
Fedhas
Gozag
Kikubaaqudgha
Qazlal
Ru
Sif Muna
Trog
Uskayaw
Wu Jian
Xom
Yredelemnul
Zin
The Shining One

Shops:
D:2 *   D:6 =   D:9 [

Annotations:
D:2 1 runed translucent door, Crazy Yiuf
D:10 3 runed translucent doors, Vuocosy's ghost, journeyman HaHu
Lair:1 1 runed translucent door, qw's ghost, novice GrFi


Message History

The basilisk is moderately wounded.
The basilisk misses you.
You slice the basilisk!!
You kill the basilisk!
y - an amulet of faith You now have 719 gold pieces (gained 22).
Found a stone staircase leading down.
Enter note:
l - 2 scrolls of identify (gained 1)
Found a shiny gold wand.
Found a crooked silver wand.
You see here a wand of mindburst (10).
An oklob plant comes into view.
Found a pitted helmet and a scroll of teleportation.
The oklob plant spits acid at you. The splash of acid hits you!
The acid corrodes you!
A wyvern comes into view.
The wyvern hisses angrily.
The wyvern bites you. The wyvern barely misses you.
You slice the wyvern!!
The wyvern is severely wounded.
The wyvern barely misses you.
You slash the wyvern!
The wyvern is almost dead.
You block the wyvern's attack.
You slice the wyvern!!
You feel better.
You kill the wyvern!
Your Armour skill increases to level 11!
The oklob plant spits acid at you. The splash of acid hits you!!
The oklob plant spits acid at you. The splash of acid hits you!!
The acid corrodes you! The oklob plant spits acid at you.
The splash of acid hits you!!
14870 ||| READING scroll of teleportation.
As you read the scroll of teleportation, it crumbles to dust.
You feel strangely unstable. The oklob plant spits acid at you.
The splash of acid hits you!!
You die...

#........... ##.#
..#......%.... .#.
.............. ##..
PP...#...<......
..$PPP...#..........
##..PPP..#..¤.¤...<..
#.#..?......¤¤¤¤.....
#........#¤.¤¤...... .#
#..@[..# #¤¤¤¤¤.....
...##....#####¤¤¤¤¤.....
#.......### #¤¤¤........
#####.....# #...........
#....## ##..........
##...####...........
##....####.........
###..###..........
#.#..##....##...#


You could see an oklob plant.

Vanquished Creatures
  Fannar (Lair:2)
  A catoblepas (Lair:2)
  Erica (Lair:1)
  2 boulder beetles (D:9)
  A two-headed ogre (D:10)
  A skeletal warrior (D:9)
  Pikel (D:8)
  An ugly thing (D:9)
  A cyclops (D:11)
  An elephant (D:10)
  A guardian serpent (D:11)
  3 kobold demonologists
  A gargoyle (D:11)
  Maggie (D:6)
  A rime drake (Lair:2)
  Psyche (D:8)
  A cane toad (Lair:1)
  5 komodo dragons
  2 trolls
  A hornet (D:7)
  3 blink frogs (Lair:1)
  A shadow (D:11)
  4 wyverns
  A vampire (D:11)
  Eustachio (D:6)
  A wraith (D:11)
  3 steam dragons
  11 yaks
  3 basilisks
  3 vampire mosquitoes (D:11)
  Grum (Lair:1)
  Edmund (D:4)
  12 water moccasins
  An acid dragon (D:10)
  4 orc warriors
  3 black bears
  An ice beast (D:7)
  2 ogres
  2 wolves (Lair:1)
  3 centaurs
  A lemure (D:8)
  6 kobold brigands
  A phantom (D:5)
  7 bullfrogs
  A necrophage (D:6)
  2 gnoll sergeants (D:6)
  4 scorpions
  12 killer bees
  3 howler monkeys (D:8)
  8 hounds
  3 gnoll boudas
  8 orc priests
  A jelly (D:6)
  Jessica (D:3)
  4 iguanas
  4 orc wizards
  16 gnolls
  10 adders
  A white imp (D:5)
  An ufetubus (D:4)
  4 dart slugs
  34 orcs
  5 endoplasms
  2 giant cockroaches
  5 goblins
  9 hobgoblins
  6 jackals
  26 kobolds
  2 quokkas (D:3)
  3 ball pythons (D:1)
  5 bats
  2 frilled lizards
  3 rats
289 creatures vanquished.

Vanquished Creatures (others)
  A jackal (D:5)
  A quokka (D:5)
  8 fungi
  13 plants
23 creatures vanquished.

Grand Total: 312 creatures vanquished

Notes
Turn   | Place    | Note
-------+----------+-------------------------------------------
     0 | D:1      | qw the Gargoyle Fighter began the quest for the Orb.
     0 | D:1      | Reached XP level 1. HP: 14/14 MP: 1/1
     0 | D:1      | 0 ||| qw: Version: 0.2-a-12-gaebbb33
     0 | D:1      | 0 ||| qw: Game counter: 1137
     0 | D:1      | 0 ||| qw: Always use a shield: true
     0 | D:1      | 0 ||| qw: God list: Okawaru
     0 | D:1      | 0 ||| qw: Allow faded altars: false
     0 | D:1      | 0 ||| qw: Do Orc after D:15 true
     0 | D:1      | 0 ||| qw: Do second Lair branch before Depths: true
     0 | D:1      | 0 ||| qw: Lair rune preference: random
     0 | D:1      | 0 ||| qw: Plans: Normal, Zot:1-4, God:TSO, Crypt, Tomb,
                  | Pan, Slime:5, Hells, Abyss, Orb
     0 | D:1      | 0 ||| PLANNING D:1-11
    15 | D:1      | Reached skill level 2 in Axes
   291 | D:1      | Reached XP level 2. HP: 16/19 MP: 2/2
   370 | D:1      | 370 ||| DROPPING +0 club.
   721 | D:1      | 721 ||| UPGRADING to +0 pair of gloves.
   726 | D:1      | 726 ||| READING 2 scrolls labelled XETZERPH PYDOCW.
   727 | D:1      | 727 ||| READING 2 scrolls labelled ROSICU VEYSIAN.
   728 | D:1      | 728 ||| READING scroll labelled OKODO JAOMATRE.
   729 | D:1      | 729 ||| READING scroll labelled BUKHLI UDDE.
   730 | D:1      | 730 ||| READING scroll labelled JYRESI RYWKEOG.
   731 | D:1      | 731 ||| DROPPING scroll of amnesia.
   732 | D:1      | 732 ||| DROPPING scroll of poison.
   801 | D:2      | Reached skill level 3 in Axes
   874 | D:2      | Reached XP level 3. HP: 20/23 MP: 3/3
  1006 | D:2      | Found Eniyzil's General Store.
  1009 | D:2      | 1009 ||| BUYING +0 helmet (54 gold).
  1009 | D:2      | Bought a +0 helmet for 54 gold pieces
  1009 | D:2      | 1009 ||| SHOPLISTING +1 plate armour of willpower (420
                  | gold, have 65).
  1009 | D:2      | 1009 ||| BUYING scroll of identify (24 gold).
  1009 | D:2      | Bought a scroll of identify for 24 gold pieces
  1035 | D:2      | 1035 ||| Stepping ~*~*~tactically~*~*~ (stealth).
  1289 | D:2      | 1289 ||| FLEEEEING.
  1290 | D:2      | 1290 ||| FLEEEEING.
  1291 | D:2      | 1291 ||| FLEEEEING.
  1292 | D:2      | 1292 ||| FLEEEEING.
  1293 | D:2      | 1293 ||| FLEEEEING.
  1294 | D:2      | 1294 ||| FLEEEEING.
  1295 | D:2      | 1295 ||| FLEEEEING.
  1296 | D:2      | 1296 ||| FLEEEEING.
  1310 | D:2      | 1310 ||| FLEEEEING.
  1353 | D:2      | 1353 ||| Stepping ~*~*~tactically~*~*~ (stealth).
  1509 | D:2      | Found a runed translucent door.
  1510 | D:2      | Noticed Crazy Yiuf
  1663 | D:2      | 1663 ||| UPGRADING to +0 helmet.
  1668 | D:2      | 1668 ||| UPGRADING to ring of protection from fire.
  1669 | D:2      | 1669 ||| READING scroll labelled ZEMPACI FUIJE.
  1720 | D:3      | Noticed Jessica
  1723 | D:3      | 1723 ||| Stepping ~*~*~tactically~*~*~ (hiding).
  1728 | D:3      | Killed Jessica
  1729 | D:3      | Reached XP level 4. HP: 28/28 MP: 4/4
  1906 | D:3      | Reached skill level 4 in Axes
  2007 | D:3      | Found an opulent altar of Gozag.
  2072 | D:3      | 2072 ||| Stepping ~*~*~tactically~*~*~ (stealth).
  2100 | D:3      | 2100 ||| Stepping ~*~*~tactically~*~*~ (stealth).
  2106 | D:3      | 2106 ||| Stepping ~*~*~tactically~*~*~ (stealth).
  2148 | D:3      | 2148 ||| Stepping ~*~*~tactically~*~*~ (stealth).
  2217 | D:3      | Reached XP level 5. HP: 31/32 MP: 5/5
  2250 | D:3      | 2250 ||| FLEEEEING.
  2251 | D:3      | 2251 ||| FLEEEEING.
  2252 | D:3      | 2252 ||| FLEEEEING.
  2253 | D:3      | 2253 ||| FLEEEEING.
  2254 | D:3      | 2254 ||| FLEEEEING.
  2255 | D:3      | 2255 ||| FLEEEEING.
  2256 | D:3      | 2256 ||| FLEEEEING.
  2257 | D:3      | 2257 ||| FLEEEEING.
  2259 | D:3      | 2259 ||| FLEEEEING.
  2260 | D:3      | 2260 ||| FLEEEEING.
  2261 | D:3      | 2261 ||| STAIRDANCE
  2431 | D:2      | 2431 ||| UPGRADING to +2 helmet.
  2441 | D:2      | 2441 ||| DROPPING +0 helmet.
  2442 | D:2      | 2442 ||| READING scroll labelled DEX ACVUEMMEB.
  2543 | D:2      | 2543 ||| READING scroll labelled HENKYN ISIBAI.
  2544 | D:2      | 2544 ||| DRINKING 2 glowing coppery potions.
  2545 | D:2      | 2545 ||| READING 2 scrolls of identify.
  2545 | D:2      | 2545 ||| IDENTIFYING fuming grey potion
  2546 | D:2      | 2546 ||| DROPPING potion of flight.
  2580 | D:3      | Found a faded altar of an unknown god.
  2863 | D:3      | 2863 ||| READING scroll labelled AFOUFUKK GORUE.
  2864 | D:3      | 2864 ||| DRINKING 2 murky puce potions.
  3006 | D:4      | Reached skill level 5 in Axes
  3009 | D:4      | Reached XP level 6. HP: 36/38 MP: 6/6
  3070 | D:4      | Found an ornate altar of the Wu Jian Council.
  3123 | D:4      | 3123 ||| DROPPING +0 mace.
  3554 | D:4      | Noticed Edmund
  3575 | D:4      | Killed Edmund
  3737 | D:4      | 3737 ||| Stepping ~*~*~tactically~*~*~ (stealth).
  4018 | D:4      | Found a glowing golden altar of the Shining One.
  4095 | D:4      | Reached XP level 7. HP: 43/43 MP: 7/7
  4237 | D:4      | 4237 ||| UPGRADING to +0 chain mail.
  4247 | D:4      | 4247 ||| DROPPING +0 scale mail.
  4248 | D:4      | 4248 ||| READING scroll labelled XESEHE GIGA.
  4249 | D:4      | 4249 ||| DRINKING 2 sedimented green potions.
  4250 | D:4      | 4250 ||| READING 2 scrolls of identify.
  4250 | D:4      | 4250 ||| IDENTIFYING fuming cyan potion
  4251 | D:4      | 4251 ||| DRINKING potion of experience.
  4251 | D:4      | Reached skill level 12 in Axes
  4251 | D:4      | Reached XP level 8. HP: 48/48 MP: 8/8
  4257 | D:5      | Entered Level 5 of the Dungeon
  4258 | D:5      | 4258 ||| Stepping ~*~*~tactically~*~*~ (hiding).
  4314 | D:5      | Found a broken altar of Ashenzari.
  4511 | D:5      | Found a white marble altar of Elyvilon.
  4915 | D:5      | Reached skill level 1 in Throwing
  5284 | D:5      | 5284 ||| UPGRADING to +0 pair of boots.
  5289 | D:5      | 5289 ||| UPGRADING to +0 plate armour.
  5299 | D:5      | 5299 ||| DROPPING +0 chain mail.
  5300 | D:5      | 5300 ||| READING scroll labelled BERUGGUL SIERA.
  5321 | D:6      | 5321 ||| STAIRDANCE
  5333 | D:6      | Reached XP level 9. HP: 54/54 MP: 9/9
  5387 | D:6      | Found a stormy altar of Qazlal.
  5441 | D:6      | 5441 ||| Stepping ~*~*~tactically~*~*~ (stealth).
  5493 | D:6      | Found an ancient bone altar of Kikubaaqudgha.
  5494 | D:6      | Found a hide-covered altar of Uskayaw.
  5517 | D:6      | Found Miunwir's Jewellery Boutique.
  5520 | D:6      | 5520 ||| SHOPLISTING +6 ring of strength (504 gold, have
                  | 311).
  5520 | D:6      | 5520 ||| SHOPLISTING amulet of guardian spirit (420 gold,
                  | have 311).
  5520 | D:6      | 5520 ||| SHOPLISTING ring of ice (350 gold, have 311).
  5520 | D:6      | 5520 ||| BUYING ring of resist corrosion (280 gold).
  5520 | D:6      | Bought a ring of resist corrosion for 280 gold pieces
  5520 | D:6      | 5520 ||| SHOPLISTING ring of willpower (350 gold, have 31).
  5529 | D:6      | Noticed Maggie
  5556 | D:6      | Killed Maggie
  5587 | D:6      | 5587 ||| SWAPPING to +2 war axe of flaming.
  5588 | D:6      | 5588 ||| DROPPING +0 flail.
  5589 | D:6      | 5589 ||| DROPPING +1 war axe.
  5609 | D:6      | Noticed Eustachio
  5624 | D:6      | Killed Eustachio
  5643 | D:6      | 5643 ||| Stepping ~*~*~tactically~*~*~ (hiding).
  5665 | D:6      | 5665 ||| FLEEEEING.
  5667 | D:6      | 5667 ||| STAIRDANCE
  5715 | D:5      | 5715 ||| UPGRADING to ring of resist corrosion.
  5785 | D:6      | Reached skill level 6 in Fighting
  5873 | D:6      | 5873 ||| Stepping ~*~*~tactically~*~*~ (hiding).
  5957 | D:6      | Reached skill level 6 in Armour
  6060 | D:6      | 6060 ||| READING scroll of enchant weapon.
  6060 | D:6      | 6060 ||| ENCHANTING +2 war axe of flaming.
  6141 | D:6      | Found a bloodstained altar of Trog.
  6193 | D:6      | 6193 ||| Stepping ~*~*~tactically~*~*~ (stealth).
  6198 | D:6      | 6198 ||| Stepping ~*~*~tactically~*~*~ (stealth).
  6275 | D:6      | Found a staircase to the Ecumenical Temple.
  6533 | D:6      | 6533 ||| READING scroll labelled WOBOSU LISAGUNIDD.
  6533 | D:6      | Identified a scroll of acquirement
  6533 | D:6      | 6533 ||| ACQUIRING +1 broad axe of electrocution
  6533 | D:6      | Acquired a +1 broad axe of electrocution
  6535 | D:6      | 6535 ||| SWAPPING to +1 broad axe of electrocution.
  6613 | D:7      | Noticed a hornet
  6620 | D:7      | Killed a hornet
  6625 | D:7      | Reached XP level 10. HP: 21/61 MP: 10/10
  6631 | D:7      | 6631 ||| FLEEEEING.
  6632 | D:7      | 6632 ||| FLEEEEING.
  6633 | D:7      | 6633 ||| FLEEEEING.
  6634 | D:7      | 6634 ||| FLEEEEING.
  6635 | D:7      | 6635 ||| FLEEEEING.
  6636 | D:7      | 6636 ||| FLEEEEING.
  6637 | D:7      | 6637 ||| FLEEEEING.
  6638 | D:7      | 6638 ||| FLEEEEING.
  6639 | D:7      | 6639 ||| FLEEEEING.
  6640 | D:7      | 6640 ||| FLEEEEING.
  6641 | D:7      | 6641 ||| FLEEEEING.
  6642 | D:7      | 6642 ||| FLEEEEING.
  6644 | D:7      | 6644 ||| STAIRDANCE
  7007 | D:7      | 7007 ||| Stepping ~*~*~tactically~*~*~ (stealth).
  7260 | D:7      | 7260 ||| Stepping ~*~*~tactically~*~*~ (stealth).
  7281 | D:7      | Found a basalt altar of Yredelemnul.
  7403 | D:7      | 7403 ||| Stepping ~*~*~tactically~*~*~ (stealth).
  7404 | D:7      | 7404 ||| Stepping ~*~*~tactically~*~*~ (stealth).
  7405 | D:7      | 7405 ||| Stepping ~*~*~tactically~*~*~ (stealth).
  7407 | D:7      | 7407 ||| Stepping ~*~*~tactically~*~*~ (stealth).
  7408 | D:7      | 7408 ||| Stepping ~*~*~tactically~*~*~ (hiding).
  7410 | D:7      | 7410 ||| Stepping ~*~*~tactically~*~*~ (hiding).
  7411 | D:7      | 7411 ||| Stepping ~*~*~tactically~*~*~ (hiding).
  7609 | D:7      | 7609 ||| FLEEEEING.
  7610 | D:7      | 7610 ||| FLEEEEING.
  7611 | D:7      | 7611 ||| FLEEEEING.
  7612 | D:7      | 7612 ||| FLEEEEING.
  7613 | D:7      | 7613 ||| FLEEEEING.
  7614 | D:7      | 7614 ||| FLEEEEING.
  7615 | D:7      | 7615 ||| FLEEEEING.
  7616 | D:7      | 7616 ||| FLEEEEING.
  7617 | D:7      | 7617 ||| FLEEEEING.
  7618 | D:7      | 7618 ||| FLEEEEING.
  7619 | D:7      | 7619 ||| FLEEEEING.
  7620 | D:7      | 7620 ||| FLEEEEING.
  7621 | D:7      | 7621 ||| FLEEEEING.
  7622 | D:7      | 7622 ||| FLEEEEING.
  7623 | D:7      | 7623 ||| FLEEEEING.
  7624 | D:7      | 7624 ||| FLEEEEING.
  7625 | D:7      | 7625 ||| FLEEEEING.
  7626 | D:7      | 7626 ||| FLEEEEING.
  7627 | D:7      | 7627 ||| FLEEEEING.
  7628 | D:7      | 7628 ||| FLEEEEING.
  7629 | D:7      | 7629 ||| FLEEEEING.
  7630 | D:7      | 7630 ||| FLEEEEING.
  7631 | D:7      | 7631 ||| FLEEEEING.
  7632 | D:7      | 7632 ||| FLEEEEING.
  7633 | D:7      | 7633 ||| FLEEEEING.
  7634 | D:7      | 7634 ||| FLEEEEING.
  7635 | D:7      | 7635 ||| FLEEEEING.
  7703 | D:7      | Found a sacrificial altar of Ru.
  7914 | D:7      | 7914 ||| READING scroll labelled WIGAVVE SAURR.
  8104 | D:8      | 8104 ||| Stepping ~*~*~tactically~*~*~ (stealth).
  8110 | D:8      | 8110 ||| Stepping ~*~*~tactically~*~*~ (hiding).
  8378 | D:8      | 8378 ||| Stepping ~*~*~tactically~*~*~ (hiding).
  8568 | D:8      | Noticed Psyche
  8576 | D:8      | Killed Psyche
  8577 | D:8      | Reached skill level 3 in Throwing
  8781 | D:8      | Noticed Pikel
  8790 | D:8      | Killed Pikel
  8945 | D:8      | 8945 ||| READING 2 scrolls labelled RUNOJOR QYXZO.
  8946 | D:8      | 8946 ||| READING scroll labelled NUKHOTOCIN.
  8949 | D:8      | 8949 ||| DROPPING scroll of fear.
  8971 | D:9      | Found Fowihaim's Antique Armour Emporium.
  8978 | D:9      | 8978 ||| BUYING cloak (112 gold).
  8978 | D:9      | Bought a cloak for 112 gold pieces
  8978 | D:9      | 8978 ||| SHOPLISTING runed crystal plate armour (2075 gold,
                  | have 316).
  9105 | D:9      | Identified the +2 robe of Starshine {+Inv rN+ rCorr Dex-4}
  9120 | D:9      | Found a glowing silver altar of Zin.
  9120 | D:9      | Noticed a kobold demonologist
  9124 | D:9      | 9124 ||| Stepping ~*~*~tactically~*~*~ (hiding).
  9127 | D:9      | 9127 ||| Stepping ~*~*~tactically~*~*~ (hiding).
  9133 | D:9      | Killed a kobold demonologist
  9134 | D:9      | Reached XP level 11. HP: 68/68 MP: 11/11
  9299 | D:9      | Found a shimmering altar of Xom.
  9459 | D:9      | Noticed a skeletal warrior
  9466 | D:9      | 9466 ||| UPGRADING to +0 cloak.
  9471 | D:9      | 9471 ||| DRINKING 2 black potions.
  9472 | D:9      | 9472 ||| DROPPING potion of degeneration.
  9473 | D:9      | 9473 ||| Stepping randomly (stuck).
  9474 | D:9      | 9474 ||| Stepping randomly (stuck).
  9475 | D:9      | 9475 ||| Stepping randomly (stuck).
  9476 | D:9      | 9476 ||| Stepping randomly (stuck).
  9476 | D:9      | Noticed a boulder beetle
  9477 | D:9      | 9477 ||| Stepping randomly (stuck).
  9478 | D:9      | 9478 ||| Stepping randomly (stuck).
  9479 | D:9      | 9479 ||| Stepping randomly (stuck).
  9480 | D:9      | 9480 ||| Stepping randomly (stuck).
  9481 | D:9      | 9481 ||| Stepping randomly (stuck).
  9482 | D:9      | 9482 ||| Stepping randomly (stuck).
  9483 | D:9      | 9483 ||| Stepping randomly (stuck).
  9484 | D:9      | 9484 ||| Stepping randomly (stuck).
  9485 | D:9      | 9485 ||| Stepping randomly (stuck).
  9486 | D:9      | 9486 ||| Stepping randomly (stuck).
  9487 | D:9      | 9487 ||| Stepping randomly (stuck).
  9488 | D:9      | 9488 ||| Stepping randomly (stuck).
  9490 | D:9      | 9490 ||| Stepping randomly (stuck).
  9491 | D:9      | 9491 ||| Stepping randomly (stuck).
  9492 | D:9      | 9492 ||| Stepping randomly (stuck).
  9493 | D:9      | 9493 ||| Stepping randomly (stuck).
  9494 | D:9      | 9494 ||| Stepping randomly (stuck).
  9495 | D:9      | 9495 ||| Stepping randomly (stuck).
  9496 | D:9      | 9496 ||| Stepping randomly (stuck).
  9497 | D:9      | 9497 ||| Stepping randomly (stuck).
  9498 | D:9      | 9498 ||| Stepping randomly (stuck).
  9499 | D:9      | 9499 ||| Stepping randomly (stuck).
  9500 | D:9      | 9500 ||| Stepping randomly (stuck).
  9501 | D:9      | 9501 ||| Stepping randomly (stuck).
  9502 | D:9      | 9502 ||| Stepping randomly (stuck).
  9503 | D:9      | 9503 ||| Stepping randomly (stuck).
  9504 | D:9      | 9504 ||| Stepping randomly (stuck).
  9505 | D:9      | 9505 ||| Stepping randomly (stuck).
  9506 | D:9      | 9506 ||| Stepping randomly (stuck).
  9507 | D:9      | 9507 ||| Stepping randomly (stuck).
  9508 | D:9      | 9508 ||| Stepping randomly (stuck).
  9509 | D:9      | 9509 ||| Stepping randomly (stuck).
  9510 | D:9      | 9510 ||| Stepping randomly (stuck).
  9511 | D:9      | 9511 ||| Stepping randomly (stuck).
  9512 | D:9      | 9512 ||| Stepping randomly (stuck).
  9513 | D:9      | 9513 ||| Stepping randomly (stuck).
  9514 | D:9      | 9514 ||| Stepping randomly (stuck).
  9515 | D:9      | 9515 ||| Stepping randomly (stuck).
  9516 | D:9      | 9516 ||| Stepping randomly (stuck).
  9517 | D:9      | 9517 ||| Stepping randomly (stuck).
  9518 | D:9      | 9518 ||| Stepping randomly (stuck).
  9519 | D:9      | 9519 ||| Stepping randomly (stuck).
  9520 | D:9      | 9520 ||| Stepping randomly (stuck).
  9521 | D:9      | 9521 ||| Stepping randomly (stuck).
  9522 | D:9      | 9522 ||| Stepping randomly (stuck).
  9523 | D:9      | 9523 ||| Stepping randomly (stuck).
  9524 | D:9      | 9524 ||| Stepping randomly (stuck).
  9525 | D:9      | 9525 ||| Stepping randomly (stuck).
  9526 | D:9      | 9526 ||| Stepping randomly (stuck).
  9527 | D:9      | 9527 ||| Stepping randomly (stuck).
  9528 | D:9      | 9528 ||| Stepping randomly (stuck).
  9529 | D:9      | 9529 ||| Stepping randomly (stuck).
  9530 | D:9      | 9530 ||| Stepping randomly (stuck).
  9531 | D:9      | 9531 ||| Stepping randomly (stuck).
  9532 | D:9      | 9532 ||| Stepping randomly (stuck).
  9533 | D:9      | 9533 ||| Stepping randomly (stuck).
  9534 | D:9      | 9534 ||| Stepping randomly (stuck).
  9535 | D:9      | 9535 ||| Stepping randomly (stuck).
  9536 | D:9      | 9536 ||| Stepping randomly (stuck).
  9537 | D:9      | 9537 ||| Stepping randomly (stuck).
  9538 | D:9      | 9538 ||| Stepping randomly (stuck).
  9539 | D:9      | 9539 ||| Stepping randomly (stuck).
  9540 | D:9      | 9540 ||| Stepping randomly (stuck).
  9541 | D:9      | 9541 ||| Stepping randomly (stuck).
  9542 | D:9      | 9542 ||| Stepping randomly (stuck).
  9543 | D:9      | 9543 ||| Stepping randomly (stuck).
  9544 | D:9      | 9544 ||| Stepping randomly (stuck).
  9545 | D:9      | 9545 ||| Stepping randomly (stuck).
  9546 | D:9      | 9546 ||| Stepping randomly (stuck).
  9547 | D:9      | 9547 ||| Stepping randomly (stuck).
  9548 | D:9      | 9548 ||| Stepping randomly (stuck).
  9549 | D:9      | 9549 ||| Stepping randomly (stuck).
  9550 | D:9      | 9550 ||| Stepping randomly (stuck).
  9551 | D:9      | 9551 ||| Stepping randomly (stuck).
  9552 | D:9      | 9552 ||| Stepping randomly (stuck).
  9553 | D:9      | 9553 ||| Stepping randomly (stuck).
  9554 | D:9      | 9554 ||| Stepping randomly (stuck).
  9555 | D:9      | 9555 ||| Stepping randomly (stuck).
  9556 | D:9      | 9556 ||| Stepping randomly (stuck).
  9557 | D:9      | 9557 ||| Stepping randomly (stuck).
  9558 | D:9      | 9558 ||| Stepping randomly (stuck).
  9559 | D:9      | 9559 ||| Stepping randomly (stuck).
  9560 | D:9      | 9560 ||| Stepping randomly (stuck).
  9561 | D:9      | 9561 ||| Stepping randomly (stuck).
  9562 | D:9      | 9562 ||| Stepping randomly (stuck).
  9563 | D:9      | 9563 ||| Stepping randomly (stuck).
  9564 | D:9      | 9564 ||| Stepping randomly (stuck).
  9565 | D:9      | 9565 ||| Stepping randomly (stuck).
  9566 | D:9      | 9566 ||| Stepping randomly (stuck).
  9567 | D:9      | 9567 ||| Stepping randomly (stuck).
  9568 | D:9      | 9568 ||| Stepping randomly (stuck).
  9568 | D:9      | Noticed a green ugly thing
  9569 | D:9      | 9569 ||| Stepping randomly (stuck).
  9570 | D:9      | 9570 ||| Stepping randomly (stuck).
  9571 | D:9      | 9571 ||| Stepping randomly (stuck).
  9572 | D:9      | 9572 ||| Stepping randomly (stuck).
  9573 | D:9      | 9573 ||| Stepping randomly (stuck).
  9574 | D:9      | 9574 ||| Stepping randomly (stuck).
  9575 | D:9      | 9575 ||| Stepping randomly (stuck).
  9576 | D:9      | 9576 ||| Stepping randomly (stuck).
  9577 | D:9      | 9577 ||| Stepping randomly (stuck).
  9577 | D:9      | Noticed a boulder beetle
  9578 | D:9      | 9578 ||| Stepping randomly (stuck).
  9579 | D:9      | 9579 ||| Stepping randomly (stuck).
  9580 | D:9      | 9580 ||| Stepping randomly (stuck).
  9581 | D:9      | 9581 ||| Stepping randomly (stuck).
  9602 | D:9      | Killed a skeletal warrior
  9849 | D:9      | 9849 ||| Stepping randomly (stuck).
  9850 | D:9      | 9850 ||| Stepping randomly (stuck).
  9865 | D:9      | HP: 17/69 [boulder beetle (12)]
  9866 | D:9      | 9866 ||| DRINKING 2 potions of heal wounds.
  9868 | D:9      | Killed a boulder beetle
  9869 | D:9      | Reached skill level 9 in Armour
 10030 | D:9      | 10030 ||| READING scroll labelled GIEK LUNUI.
 10031 | D:9      | 10031 ||| Stepping randomly (stuck).
 10042 | D:9      | Killed a green ugly thing
 10064 | D:9      | Killed a boulder beetle
 10065 | D:9      | Reached skill level 9 in Fighting
 10169 | D:9      | Found a staircase to the Orcish Mines.
 10205 | D:9      | Found a snail-covered altar of Cheibriados.
 10207 | D:9      | 10207 ||| Stepping ~*~*~tactically~*~*~ (stealth).
 10208 | D:9      | 10208 ||| Stepping ~*~*~tactically~*~*~ (stealth).
 10216 | D:9      | 10216 ||| Stepping ~*~*~tactically~*~*~ (stealth).
 10273 | D:9      | 10273 ||| UPGRADING to +4 ring of slaying {mikee}.
 10275 | D:9      | 10275 ||| UPGRADING to ring of protection from fire.
 10297 | D:10     | Entered Level 10 of the Dungeon
 10335 | D:10     | Found a staircase to the Lair.
 10347 | D:10     | Reached skill level 6 in Shields
 10446 | D:10     | 10446 ||| READING scroll of enchant weapon.
 10446 | D:10     | 10446 ||| ENCHANTING +1 vampiric broad axe.
 10472 | D:10     | Noticed a two-headed ogre
 10485 | D:10     | Killed a two-headed ogre
 10603 | D:10     | Found a blossoming altar of Fedhas.
 10663 | D:10     | 10663 ||| Stepping ~*~*~tactically~*~*~ (hiding).
 10665 | D:10     | 10665 ||| Stepping ~*~*~tactically~*~*~ (hiding).
 10720 | D:10     | Found a runed translucent gate.
 10721 | D:10     | Found a runed translucent gate.
 10721 | D:10     | Found a runed translucent gate.
 10721 | D:10     | Noticed Vuocosy's ghost (journeyman HaHu)
 10721 | D:10     | Noticed a tengu warrior
 11193 | D:10     | 11193 ||| DROPPING +2 robe of Starshine {+Inv rN+ rCorr
                  | Dex-4}.
 11194 | D:10     | 11194 ||| DROPPING amulet of magic regeneration.
 11195 | D:10     | 11195 ||| READING 6 scrolls of identify.
 11195 | D:10     | 11195 ||| IDENTIFYING bubbling white potion
 11196 | D:10     | 11196 ||| READING 5 scrolls of identify.
 11196 | D:10     | 11196 ||| IDENTIFYING purple potion
 11197 | D:10     | 11197 ||| DROPPING potion of brilliance.
 11331 | D:11     | 11331 ||| Stepping ~*~*~tactically~*~*~ (hiding).
 11337 | D:11     | Reached skill level 13 in Axes
 11514 | D:11     | 11514 ||| Stepping ~*~*~tactically~*~*~ (stealth).
 11522 | D:11     | 11522 ||| Stepping ~*~*~tactically~*~*~ (stealth).
 11523 | D:11     | 11523 ||| Stepping ~*~*~tactically~*~*~ (stealth).
 11524 | D:11     | 11524 ||| Stepping ~*~*~tactically~*~*~ (stealth).
 11526 | D:11     | 11526 ||| Stepping ~*~*~tactically~*~*~ (stealth).
 11531 | D:11     | 11531 ||| Stepping ~*~*~tactically~*~*~ (stealth).
 11534 | D:11     | 11534 ||| Stepping ~*~*~tactically~*~*~ (stealth).
 11536 | D:11     | 11536 ||| Stepping ~*~*~tactically~*~*~ (stealth).
 11548 | D:11     | Reached XP level 12. HP: 77/77 MP: 12/12
 11583 | D:11     | 11583 ||| Stepping ~*~*~tactically~*~*~ (stealth).
 12358 | D:11     | 12358 ||| PLANNING LAIR
 12358 | D:11     | 12358 ||| READING 5 scrolls of identify.
 12358 | D:11     | 12358 ||| IDENTIFYING fuming yellow potion
 12359 | D:11     | 12359 ||| DROPPING potion of berserk rage.
 12385 | Lair:1   | Entered Level 1 of the Lair of Beasts
 12385 | Lair:1   | Noticed Grum
 12398 | Lair:1   | Killed Grum
 12521 | Lair:1   | 12521 ||| Stepping ~*~*~tactically~*~*~ (stealth).
 12592 | Lair:1   | Found a runed translucent door.
 12594 | Lair:1   | Noticed qw's ghost (novice GrFi)
 12595 | Lair:1   | Identified the +8 trident of Regicide {speed, Dex+3}
 12651 | Lair:1   | Noticed Erica
 12652 | Lair:1   | 12652 ||| Stepping ~*~*~tactically~*~*~ (hiding).
 12653 | Lair:1   | 12653 ||| Stepping ~*~*~tactically~*~*~ (hiding).
 12655 | Lair:1   | 12655 ||| Stepping ~*~*~tactically~*~*~ (hiding).
 12656 | Lair:1   | 12656 ||| Stepping ~*~*~tactically~*~*~ (hiding).
 12663 | Lair:1   | 12663 ||| DRINKING 3 potions of curing.
 12663 | Lair:1   | 12663 ||| (to cure confusion)
 12671 | Lair:1   | Killed Erica
 12766 | Lair:1   | 12766 ||| Stepping ~*~*~tactically~*~*~ (stealth).
 12796 | Lair:1   | Reached skill level 14 in Axes
 12819 | Lair:1   | Found an ornate altar of the Wu Jian Council.
 12933 | Lair:1   | 12933 ||| Stepping ~*~*~tactically~*~*~ (stealth).
 12935 | Lair:1   | 12935 ||| Stepping ~*~*~tactically~*~*~ (stealth).
 12937 | Lair:1   | 12937 ||| Stepping ~*~*~tactically~*~*~ (stealth).
 13443 | Lair:1   | 13443 ||| READING 4 scrolls of identify.
 13443 | Lair:1   | 13443 ||| IDENTIFYING blue potion
 13444 | Lair:1   | 13444 ||| READING 3 scrolls of identify.
 13444 | Lair:1   | 13444 ||| IDENTIFYING coppery potion
 13445 | Lair:1   | 13445 ||| READING 2 scrolls of identify.
 13445 | Lair:1   | 13445 ||| IDENTIFYING green potion
 13446 | Lair:1   | 13446 ||| DROPPING potion of magic.
 13447 | Lair:1   | 13447 ||| DROPPING potion of ambrosia.
 13491 | Lair:2   | Found a hole to the Spider Nest.
 13496 | Lair:2   | 13496 ||| Stepping ~*~*~tactically~*~*~ (hiding).
 13497 | Lair:2   | 13497 ||| Stepping ~*~*~tactically~*~*~ (hiding).
 13763 | Lair:2   | Noticed a catoblepas
 13777 | Lair:2   | Killed a catoblepas
 13803 | Lair:2   | 13803 ||| Stepping ~*~*~tactically~*~*~ (stealth).
 13804 | Lair:2   | 13804 ||| Stepping ~*~*~tactically~*~*~ (stealth).
 13805 | Lair:2   | 13805 ||| Stepping ~*~*~tactically~*~*~ (stealth).
 13812 | Lair:2   | Noticed Fannar
 13816 | Lair:2   | 13816 ||| FLEEEEING.
 13817 | Lair:2   | 13817 ||| FLEEEEING.
 13818 | Lair:2   | 13818 ||| FLEEEEING.
 13819 | Lair:2   | 13819 ||| FLEEEEING.
 13820 | Lair:2   | 13820 ||| FLEEEEING.
 13821 | Lair:2   | 13821 ||| FLEEEEING.
 13822 | Lair:2   | 13822 ||| FLEEEEING.
 13823 | Lair:2   | 13823 ||| FLEEEEING.
 13834 | Lair:2   | 13834 ||| FLEEEEING.
 13835 | Lair:2   | 13835 ||| FLEEEEING.
 13839 | Lair:2   | 13839 ||| FLEEEEING.
 13840 | Lair:2   | 13840 ||| FLEEEEING.
 13841 | Lair:2   | 13841 ||| FLEEEEING.
 13842 | Lair:2   | 13842 ||| STAIRDANCE
 14045 | Lair:1   | 14045 ||| READING scroll labelled BORIDGH UNUOF RIRCH.
 14199 | Lair:2   | 14199 ||| Stepping ~*~*~tactically~*~*~ (hiding).
 14201 | Lair:2   | 14201 ||| Stepping ~*~*~tactically~*~*~ (hiding).
 14207 | Lair:2   | Killed Fannar
 14596 | Lair:3   | Found a staircase to the Swamp.
 14607 | Lair:3   | Found a shimmering blue altar of Sif Muna.
 14869 | Lair:3   | HP: 3/80 [oklob plant/splash of acid (22)]
 14870 | Lair:3   | 14870 ||| READING scroll of teleportation.
 14870 | Lair:3   | Killed from afar by an oklob plant

Levels and vault maps discovered:
D:1:      minmay_arrival_four_circles, layout_basic,
          chequers_serial_rivers_micro_c
D:2:      layout_basic, serial_shops, nicolae_shop_behind_doors,
          uniq_crazy_yiuf_cottage
D:3:      layout_basic, lemuel_crystal_altar,
          shapermc_ecumenical_altar_totnotflames, serial_aquarium,
          aquarium_bridge_straight [aquarium_subvault_bridge,
          aquarium_subvault_balcony, aquarium_subvault_bridge,
          aquarium_subvault_wall], aquarium_window_2, aquarium_window_corner,
          aquarium_window_1, aquarium_view_2d, aquarium_view_2c,
          aquarium_pool_four, uniq_jessica
D:4:      layout_cave_pods, mainiacjoe_overflow_alcove_2, old_standard_altar,
          serial_co_window_serial, co_window_paths_b, co_window_corner_a,
          co_window_paths_a, co_window_paths_a, co_window_corner_a,
          co_window_of_opportunity_a, co_window_paths_a, co_window_paths_b,
          co_window_of_opportunity_a, co_window_corner_b, co_window_2corner,
          co_window_cross_3, co_window_of_opportunity_b, co_window_corner_b,
          co_window_4corner_b, co_window_paths_e, glass_columns_b,
          glass_columns_b, uniq_edmund
D:5:      layout_loops_corners, elyvilon_altar_4, lemuel_crystal_altar,
          serial_glass, glass_columns_b, glass_columns_b
D:6:      kennysheep_housing_project, layout_rooms,
          mainiacjoe_overflow_brackets, grunt_qazlal_clouds,
          mainiacjoe_overflow_divided_tiny, minmay_temple_entry_glassed_door,
          serial_shops, shop_statue, uniq_eustachio, uniq_maggie
D:7:      layout_basic, mainiacjoe_overflow_alcove_1, amcnicky_altar_gilded
D:8:      layout_cave_pods, uniq_pikel, uniq_psyche
D:9:      layout_rooms, old_standard_altar, mainiacjoe_overflow_cross_hatched,
          cheibriados_altar_1, david_orc_3, serial_shops, shop,
          minmay_diamond_spiral
D:10:     layout_long_grid, fedhas_altar_2, david_lair_generic,
          gammafunk_ghost_split, nicolae_figureground_sparkle
D:11:     layout_long_grid, nrook_guardian_serpent_ordinary
Lair:1:   layout_cave_pods, ebering_ghost_funeral_grove, basic_altar,
          uniq_erica, uniq_grum
Lair:2:   layout_chaotic_city, dummy_spider_entry, uniq_fannar
Lair:3:   layout_cave_pods, swamp_mist, basic_altar, minmay_lair_oklob_bushes

Skill      XL: |  1  2  3  4  5  6  7  8  9 10 11 12 |
---------------+-------------------------------------+-----
Axes           | 2 3 4 5 12 13 14 | 14.0
Fighting       | 4 5 6 8 10 11 | 11.2
Dodging        | 2 |  2.3
Throwing       | 1 2 3 4 |  4.1
Armour         | 4 6 8 10 11 | 11.0
Shields        | 4 5 6 7 |  7.0

Action                   |  1- 3 |  4- 6 |  7- 9 | 10-12 || total
-------------------------+-------+-------+-------+-------++-------
Melee: War axe           |    79 |   130 |   208 |       ||   417
       Broad axe         |       |       |     7 |   492 ||   499
Throw: Javelin           |       |       |    32 |   118 ||   150
       Boomerang         |       |       |       |    27 ||    27
  Use: Scroll            |     6 |     4 |     5 |    13 ||    28
       Potion            |       |     2 |     2 |     3 ||     7
Armor: Scale mail        |    41 |    83 |       |       ||   124
       Chain mail        |       |       |    33 |       ||    33
       Plate armour      |       |       |    87 |   333 ||   420
Dodge: Dodged            |    28 |    66 |    62 |   160 ||   316
Block: Buckler           |    13 |    25 |    25 |    85 ||   148

Table legend:
 A = Non-vault XP
 B = Vault XP
 C = Vault XP percentage of total XP
 D = Non-vault monster count
 E = Vault monster count
 F = Vault count percentage of total count
                 A         B        C        D         E       F
            +---------+---------+-------+---------+---------+-------
      Total |   19912 |    9568 |  32.5 |     232 |      56 |  19.4
            +---------+---------+-------+---------+---------+-------
        D:1 |      24 |       0 |   0.0 |      15 |       0 |   0.0
        D:2 |      28 |       0 |   0.0 |      14 |       0 |   0.0
        D:3 |     122 |      37 |  23.3 |      25 |       1 |   3.8
        D:4 |     266 |     169 |  38.9 |      17 |       1 |   5.6
        D:5 |    1031 |       0 |   0.0 |      19 |       0 |   0.0
        D:6 |     611 |    1456 |  70.4 |      13 |      32 |  71.1
        D:7 |    1981 |       0 |   0.0 |      33 |       0 |   0.0
        D:8 |     941 |    1042 |  52.5 |      16 |       2 |  11.1
        D:9 |    2134 |    3151 |  59.6 |      16 |      10 |  38.5
       D:10 |    2463 |    1123 |  31.3 |      15 |       4 |  21.1
       D:11 |    2680 |     478 |  15.1 |      16 |       1 |   5.9
     Lair:1 |    3520 |    1252 |  26.2 |      17 |       4 |  19.0
     Lair:2 |    2615 |     860 |  24.7 |       9 |       1 |  10.0
     Lair:3 |    1496 |       0 |   0.0 |       7 |       0 |   0.0
            +---------+---------+-------+---------+---------+-------
